 Dungeon Crawl Stone Soup version 0.28-a0-802-g09f76e8c00 (webtiles) character file.

Game seed: 6102462235959522740

631 avis the Insei (level 7, -16/46 HPs)
             Began as an Octopode Transmuter on Nov 7, 2021.
             Demolished by a wyvern (19 damage)
             ... on level 5 of the Dungeon.
             The game lasted 00:18:27 (4745 turns).

avis the Insei (Octopode Transmuter)                Turns: 4745, Time: 00:18:27

Health: -16/46     AC:  2    Str: 12    XL:     7   Next: 48%
Magic:  8/11       EV: 19    Int: 15    God:
Gold:   62         SH:  0    Dex: 17    Spells: 8/12 levels left

rFire   . . .      SeeInvis .     - Unarmed
rCold   . . .      Faith    .   (shield currently unavailable)
rNeg    . . .      Spirit   .   (helmet currently unavailable)
rPois   x          Reflect  .   (no amulet)
rElec   .          Harm     .   (no ring)
rCorr   .          Rampage  .   (no ring)
Will    .....                   (no ring)
Stlth   ++........              (no ring)
HPRegen 0.15/turn               (no ring)
MPRegen 0.12/turn               (no ring)
                                (no ring)
                                (no ring)

@: spider-form
A: venomous fangs, almost no armour, (amphibious), 8 rings, tiny, (camouflage
1), (gelatinous body 1), (nimble swimmer 1), (tentacles)
a: End Transformation


You were on level 5 of the Dungeon.
You were a venomous arachnid creature.
You visited 1 branch of the dungeon, and saw 5 of its levels.

You collected 150 gold pieces.
You spent 88 gold pieces at shops.

Inventory:

Hand Weapons
 d - a +0 dagger of venom (melded)
Missiles
 g - 178 stones
 h - 68 arrows
 j - 33 bolts
 o - 6 poisoned darts
Jewellery
 n - an amulet of faith
Wands
 i - a wand of flame (13)
Scrolls
 k - a scroll of teleportation
 l - a scroll of fog
 p - a scroll of torment {unknown}
 q - a scroll of enchant armour {unknown}
 r - a scroll of magic mapping {unknown}
Potions
 a - a potion of flight
 b - a potion of lignification {unknown}
 c - a potion of mutation
 e - 2 potions of ambrosia
 f - 2 potions of heal wounds
 m - 2 potions of curing {unknown}


   Skills:
 * Level 3.1 Fighting
 - Level 2.0 Dodging
 - Level 2.0 Stealth
 - Level 6.0 Unarmed Combat
 - Level 3.0 Spellcasting
 - Level 4.0 Transmutations
 - Level 2.0 Poison Magic


You had 8 spell levels left.
You knew the following spells:

 Your Spells              Type           Power      Damage    Failure   Level
a - Beastly Appendage     Tmut           28%        N/A       12%         1
p - Spider Form           Tmut/Pois      11%        N/A       36%         3

Your spell library contained the following spells:

 Spells                   Type           Power      Damage    Failure   Level
 Wereblood                Tmut           14%        N/A       17%         2
 Apportation              Tloc           4%         N/A       41%         1
 Ice Form                 Ice/Tmut       8%         N/A       83%         4
 Flame Wave               Conj/Fire      2%         3d3       97%         4
 Iron Shot                Conj/Erth      1%         9d1       100%        6


Dungeon Overview and Level Annotations

Branches:
Dungeon (5/15)
 Temple: D:4-7

Altars:

Shops:
D:2 *   D:3 ?


Innate Abilities, Weirdness & Mutations

You are a venomous arachnid creature.
You have poisonous fangs.
You are tiny and dextrous.
Your spellcasting is less reliable in this form.
Your armour is entirely melded.
You are incapable of wielding weapons or throwing items.
You cannot wear most types of armour.
((You are amphibious.))
You can wear up to eight rings at the same time.
((Your skin changes colour to match your surroundings (Stealth+).))
((Your rubbery body absorbs attacks. (AC +1, EV +1)))
((You are camouflaged near water. (Stealth+)))
((You have tentacles for arms and can constrict up to eight enemies at once.))


Message History

You need to enable at least one skill for training.
You start resting.
Magic restored.
You start resting.
HP restored.
Items here: ))) [ ††.
Items here: ))) [ ††.
Okay, then.
Found a stone staircase leading down.
There is a stone staircase leading down here.
Found a stone staircase leading down.
A wyvern comes into view.
Casting: Spider Form (dangerous; 17% risk of failure)
Confirm with . or Enter, or press ? or * to list all spells.
You miscast Spider Form.
You are very lightly contaminated with residual magic.
Nothing appears to happen.
You start resting.
Your magical contamination has completely faded away.
You start resting.
Magic restored.
Casting: Spider Form (dangerous; 17% risk of failure)
Confirm with . or Enter, or press ? or * to list all spells.
You turn into a venomous arachnid creature.
Your +0 dagger of venom melds into your body.
Your +0 dagger of venom stops dripping with poison.
The wyvern hisses angrily.
The wyvern bites you.
You hit the wyvern but do no damage.
The wyvern is poisoned.
The wyvern bites you!
You barely miss the wyvern.
The wyvern is lightly wounded.
The wyvern bites you!
You bite the wyvern!
The wyvern looks as sick as possible!
The wyvern is heavily wounded.
The wyvern bites you!
* * * LOW HITPOINT WARNING * * *
The wyvern closely misses you. The wyvern bites you!!
You die...

.#.##.##.# .#.#
..#.#### .#.#
#.#....#########
.#.#.....##.......#..
##.#.##..########.#.#
...# #..# #...#.#.# .
#..# #.#...#.# .###
##># #.#####.# ....
### #...sl..# ...###
######### ########
.....# #......###
#.#..# #.##......
.....# #<.#...###
#.##.# ##+###.# .<#
.. #.# #.# ## #.# #.#
+.#


You could see a wyvern (extremely poisoned).

Vanquished Creatures
  Grinder (D:3)
  An orc warrior (D:3)
  A scorpion (D:4)
  A hound (D:4)
  2 orc priests (D:5)
  Jessica (D:2)
  An orc wizard (D:5)
  An iguana (D:4)
  A hound skeleton (D:4)
  2 adders
  2 white imps
  A worm (D:2)
  4 orcs
  7 ball pythons
  5 bats
  3 endoplasms
  8 giant cockroaches
  6 goblins
  9 hobgoblins
  5 kobolds
  3 quokkas
  4 rats
69 creatures vanquished.

Notes
Turn   | Place    | Note
-------+----------+-------------------------------------------
     0 | D:1      | avis the Octopode Transmuter began the quest for the Orb.
     0 | D:1      | Reached XP level 1. HP: 13/13 MP: 3/3
   182 | D:1      | Reached skill level 1 in Stealth
   316 | D:1      | Reached XP level 2. HP: 16/19 MP: 3/5
   555 | D:1      | Found a faded altar of an unknown god.
   893 | D:2      | Reached XP level 3. HP: 17/24 MP: 4/6
  1274 | D:2      | Noticed Jessica
  1323 | D:2      | Killed Jessica
  1324 | D:2      | Reached skill level 4 in Unarmed Combat
  1324 | D:2      | Reached XP level 4. HP: 26/29 MP: 7/7
  1328 | D:2      | Learned a level 3 spell: Spider Form
  1805 | D:2      | Found Qekkaext's General Store.
  2202 | D:3      | Reached skill level 1 in Poison Magic
  2368 | D:3      | Got the Tome of Destructive Orientation
  2395 | D:3      | Found Sabuop's Magic Scroll Emporium.
  2417 | D:3      | Bought a scroll of identify for 22 gold pieces
  2417 | D:3      | Bought a scroll of identify for 22 gold pieces
  2417 | D:3      | Bought a scroll of identify for 22 gold pieces
  2417 | D:3      | Bought a scroll of identify for 22 gold pieces
  2487 | D:3      | Noticed Grinder
  2502 | D:3      | Killed Grinder
  2503 | D:3      | Reached skill level 5 in Unarmed Combat
  2503 | D:3      | Reached XP level 5. HP: 18/34 MP: 5/9
  2503 | D:3      | Reached XP level 6. HP: 20/39 MP: 5/10
  3175 | D:4      | Noticed an orc warrior
  3347 | D:3      | Killed an orc warrior
  3648 | D:4      | Reached XP level 7. HP: 46/46 MP: 8/11
  4153 | D:5      | Entered Level 5 of the Dungeon
  4496 | D:5      | Reached skill level 6 in Unarmed Combat
  4713 | D:5      | Noticed a wyvern
  4745 | D:5      | Demolished by a wyvern

Illustrated notes

Levels and vault maps discovered:
D:1:      minmay_arrival_solitary_statue, layout_basic,
          shapermc_ecumenical_altar_acropolis, minmay_distorted
D:2:      minmay_inner_zag, layout_rooms, serial_shops, shop, uniq_jessica
D:3:      layout_basic, serial_shops, shop, uniq_grinder
D:4:      layout_cave_pools
D:5:      layout_basic, minmay_temple_entry_glassed_door, patterned_corridor

Skill      XL: |  1  2  3  4  5  6  7 |
---------------+----------------------+-----
Stealth        | 1 2 |  2.0
Fighting       | 2 3 |  3.1
Unarmed Combat | 4 5 6 |  6.0
Transmutations | 3 4 |  4.0
Poison Magic   | 2 |  2.0
Spellcasting   | 3 |  3.0
Dodging        | |  2.0

Action                   |  1- 3 |  4- 6 |  7- 9 || total
-------------------------+-------+-------+-------++-------
Melee: Unarmed           |    40 |    18 |    29 ||    87
       Kick              |    16 |    14 |     2 ||    32
       Tentacles         |    11 |     9 |     2 ||    22
       Constrict         |    16 |    18 |     4 ||    38
       Dagger            |    11 |    54 |     7 ||    72
       Punch             |       |     3 |       ||     3
 Cast: Beastly Appendage |    16 |    26 |     3 ||    45
       Spider Form       |       |     4 |     6 ||    10
  Use: Scroll            |     2 |     6 |       ||     8
       Potion            |       |     1 |       ||     1
 Stab: Sleeping          |     3 |     6 |     1 ||    10
       Distracted        |       |     1 |       ||     1
Armor: Skin              |     5 |     4 |     3 ||    12
Dodge: Dodged            |    28 |    37 |    20 ||    85

Table legend: (Time is in decaauts)
 A = Elapsed time spent in this place.
 B = Non-inter-level travel time spent in this place.
 C = Inter-level travel time spent in this place.
 D = Time resting spent in this place.
 E = Time spent auto-exploring this place.
 F = Levels seen in this place.
 G = Mean time per level.
                   A        B        C        D        E       F      G
               +--------+--------+--------+--------+--------+-----+--------+
         Total |   4751 |   4291 |    460 |   1517 |   1935 |   5 |  950.2 |
       Dungeon |   4751 |   4291 |    460 |   1517 |   1935 |   5 |  950.2 |
               +--------+--------+--------+--------+--------+-----+--------+

Top non-repeatable levels by time:
     D:3: 1402 daAuts
     D:1: 1179 daAuts
     D:4: 928 daAuts
     D:2: 854 daAuts
     D:5: 387 daAuts
